cohdb
Replays
Latest Replays
All Replays
Popular Replays
Top Player Replays
Match Explorer
How It Works
Community
CoH3 Stats
Reddit
Sign in to upload your games and track your stats! →
Sign in with Steam
top #1 4v4 Azusa vs out of meta Toiletguy
Match 15122865
Overview
Messages
Build Orders
End
Selects Italian Combined Arms Battlegroup
Selects Bersaglieri Squad
Bersaglieri Squad
Kradschützen Motorcycle Team
Bersaglieri Squad
Construct Light Support Kompanie
Selects Bersaglieri Bolster
Bersaglieri Squad
Fire Support Elements
Veteran Squad Leaders
Panzerjäger Mechanized Group
Pak 38 Anti-tank Gun Team
Flakvierling Half-track
Selects Semovente da 75/18 Assault Gun
Semovente da 75/18 Assault Gun
Selects Carro Armato M13/40 Light Tank
Selects Pact of Steel
Carro Armato M13/40 Light Tank
Carro Armato M13/40 Light Tank
Toiletguy
Azusa
0
0
Comments
sign in to comment!
No comments posted yet!